 Dungeon Crawl Stone Soup version 0.32-a0-131-g9dbbe29261 (webtiles) character file.

Game seed: 10625979563863233776

1956594 ragingrage the Acrobat (level 27, 182/182 HPs)
             Began as a Tengu Hunter on Feb 8, 2024.
             Was the Champion of Okawaru.
             Escaped with the Orb
             ... and 3 runes!
             The game lasted 01:46:28 (51890 turns).

ragingrage the Acrobat (Tengu Hunter)              Turns: 51890, Time: 01:46:28

Health: 182/182    AC: 26    Str: 11    XL:     27
Magic:  33/33      EV: 45    Int: 10    God:    Okawaru [******]
Gold:   3611       SH:  0    Dex: 34    Spells: 9/38 levels left

rFire   + + .        b - +27 heavy crossbow "Sniper" {heavy, Acc+∞ SInv}
rCold   + . .        (shield currently unavailable)
rNeg    . . .        P - +8 ring mail "Himunn Exkao" {^Contam rC++ Will+ Dex+3}
rPois   +            o - +2 hat {Will+}
rElec   .            Z - +1 cloak of Starlight {*Dazzle EV+4 Stlth--}
rCorr   .            A - +2 pair of gloves {Dex+3}
SInv    +            (boots unavailable)
Will    ++++.        s - amulet of regeneration
Stlth   +            h - ring of poison resistance
HPRegen 1.30/turn    k - ring of Jiedwef {^Contam *Corrode Fly rF++ Slay+5}
MPRegen 0.23/turn

%: corrode self (3%), acrobat
@: flying, studying 3 skills
A: beak, talons 3, evasive flight, acrobatic, clumsy 1, dopey 1, cold
vulnerability 1, subdued magic 1, inability to drink after injury 1
0: Orb of Zot
}: 3/15 runes: decaying, silver, gossamer
a: Renounce Religion, Heroism, Finesse, Duel


You escaped.
You worshipped Okawaru.
Okawaru was exalted by your worship.
You visited 9 branches of the dungeon, and saw 46 of its levels.
You visited 1 bazaar.
You visited 1 ziggurat, and saw 6 of its levels.
You also visited: Gauntlet, Ice Cave and Wizlab.

You collected 7491 gold pieces.
You spent 3880 gold pieces at shops.

Inventory:

Hand Weapons
 a - the +8 longbow "Zephyr" {speed, Dex+3 SInv}
   (Okawaru gifted it to you on level 8 of the Dungeon)

   Dex+3:     It affects your dexterity (+3).
   SInv:      It lets you see invisible.
 b - the +27 heavy crossbow "Sniper" (weapon) {heavy, Acc+∞ SInv}
   (You took it off a vault sentinel on level 5 of the Vaults)

   Acc+∞: It never misses its target.
   SInv:      It lets you see invisible.
Missiles
 g - 5 throwing nets
Armour
 o - a +2 hat of willpower (worn)
 A - a +2 pair of gloves of dexterity (worn)
 P - the +8 ring mail "Himunn Exkao" (worn) {^Contam rC++ Will+ Dex+3}
   (Okawaru gifted it to you on level 8 of the Dungeon)

   Dex+3:     It affects your dexterity (+3).
   rC++:      It greatly protects you from cold.
   Will+:     It increases your willpower.
   ^Contam:   It causes magical contamination when unequipped.
 V - +4 storm dragon scales {Bai Suzhen}
 Z - the +1 cloak of Starlight (worn) {*Dazzle EV+4 Stlth--}
   (You found it on level 2 of the Orcish Mines)

   *Dazzle:   It may blind those who miss an attack against the wearer in melee
   combat.
   EV+4:      It affects your evasion (+4).
   Stlth--:   It makes you much less stealthy.
Jewellery
 h - a ring of poison resistance (left hand)
 k - the ring of Jiedwef (right hand) {^Contam *Corrode Fly rF++ Slay+5}
   (You took it off a vault guard on level 5 of the Vaults)

   [ring of flight]

   Slay+5:    It affects your accuracy & damage with ranged weapons and melee
   (+5).
   rF++:      It greatly protects you from fire.
   Fly:       It grants you flight.
   ^Contam:   It causes magical contamination when unequipped.
   *Corrode:  It may corrode you when you take damage.
 s - an amulet of regeneration (around neck)
 F - the ring of Geymoxt {rN+++ Str+6}
   (You took it off a vault warden on level 5 of the Vaults)

   [ring of strength]

   Str+6:     It affects your strength (+6).
   rN+++:     It renders you almost immune to negative energy.
 L - a +4 ring of protection
 N - the ring of Propriety {rF+++ rCorr Str+2 Dex-2}
   (You acquired it on level 4 of the Realm of Zot)

   [ring of resist corrosion]

   Str+2:     It affects your strength (+2).
   Dex-2:     It affects your dexterity (-2).
   rF+++:     It renders you almost immune to fire.
   rCorr:     It protects you from acid and corrosion.
 U - a ring of willpower
Wands
 u - a wand of digging (8)
 v - a wand of paralysis (64)
 G - a wand of quicksilver (39)
 H - a wand of mindburst (38)
 S - a wand of iceblast (64)
Scrolls
 d - 7 scrolls of immolation
 j - 9 scrolls of fear
 m - 24 scrolls of teleportation
 n - 14 scrolls of vulnerability
 r - 12 scrolls of revelation
 t - 7 scrolls of noise
 w - 7 scrolls of poison
 x - 16 scrolls of fog
 z - 2 scrolls of blinking
 K - 6 scrolls of enchant armour
 R - 3 scrolls of torment
 T - 5 scrolls of silence
Potions
 c - 8 potions of lignification
 e - 4 potions of magic
 f - 4 potions of attraction
 i - 5 potions of invisibility
 l - 4 potions of might
 B - 6 potions of berserk rage
 C - 11 potions of curing
 D - 4 potions of haste
 E - 14 potions of mutation
 J - 9 potions of enlightenment
 M - 11 potions of heal wounds
 O - 9 potions of ambrosia
 Q - 6 potions of cancellation
 W - 6 potions of brilliance
 X - 2 potions of resistance
Miscellaneous
 p - a condenser vane
 y - a lightning rod (4/4)
 Y - a phial of floods


   Skills:
 - Level 21.0 Fighting
 + Level 21.0 Ranged Weapons
 - Level 20.0 Armour
 - Level 24.0 Dodging
 - Level 10.0 Stealth
 - Level 6.0 Spellcasting
 - Level 16.0 Conjurations
 - Level 15.0 Necromancy
 + Level 8.4 Translocations
 - Level 5.0 Air Magic
 - Level 7.0 Earth Magic
 - Level 9.0 Alchemy
 - Level 10.0 Invocations
 - Level 14.0 Evocations


You had 9 spell levels left.
You knew the following spells:

 Your Spells              Type           Power      Damage    Failure   Level
a - Ozocubu's Armour      Ice            2%         N/A       65%         3
b - Borgnjor's Vile Clut  Necr/Erth      9%         N/A       8%          5
c - Irradiate             Conj/Alch      10%        3d15      4%          5
d - Blink                 Tloc           30%        N/A       1%          2
e - Borgnjor's Revivific  Necr           12%        N/A       99%         8
f - Dispersal             Tloc           7%         N/A       82%         6

Your spell library contained the following spells:

 Spells                   Type           Power      Damage    Failure   Level
 Foxfire                  Conj/Fire      56%        2x1d6     1%          1
 Kiss of Death            Conj/Necr      100%       2d13      1%          1
 Sting                    Conj/Alch      84%        1d8       1%          1
 Cigotuvi's Dreadful Rot  Necr/Alch/Air  34%        N/A       1%          2
 Lesser Beckoning         Tloc           30%        N/A       1%          2
 Mercury Vapours          Alch/Air       26%        N/A       1%          2
 Sublimation of Blood     Necr           25%        N/A       1%          2
 Mephitic Cloud           Conj/Alch/Air  17%        N/A       1%          3
 Stone Arrow              Conj/Erth      40%        3d9       1%          3
 Dispel Undead            Necr           25%        3d12      1%          4
 Iskenderun's Battlesphe  Conj           26%        2d8       1%          5
 Dazzling Flash           Conj/Hex       28%        N/A       2%          3
 Gell's Gravitas          Tloc           15%        N/A       2%          3
 Hailstorm                Conj/Ice       14%        3d6       2%          3
 Teleport Other           Tloc           15%        N/A       2%          3
 Passwall                 Erth           13%        N/A       4%          3
 Olgreb's Toxic Radiance  Alch           16%        N/A       7%          4
 Passage of Golubria      Tloc           15%        N/A       9%          4
 Flame Wave               Conj/Fire      14%        2d6       10%         4
 Leda's Liquefaction      Alch/Erth      7%         N/A       10%         4
 Petrify                  Alch/Erth      14%        N/A       10%         4
 Arcjolt                  Conj/Air       9%         1d19      10%         5
 Swiftness                Air            10%        N/A       11%         3
 Anguish                  Hex/Necr       6%         N/A       13%         4
 Volatile Blastmotes      Fire/Tloc      16%        2d11      16%         3
 Vhi's Electric Charge    Tloc/Air       24%        N/A       19%         4
 Alistair's Intoxication  Alch           10%        N/A       19%         5
 Freeze                   Ice            8%         1d3       28%         1
 Bombard                  Conj/Erth      10%        9d2       36%         6
 Ensorcelled Hibernation  Hex/Ice        4%         N/A       41%         2
 Jinxbite                 Hex            4%         N/A       41%         2
 Scorch                   Fire           4%         2d5       41%         2
 Sticky Flame             Fire/Alch      9%         2d5       41%         4
 Lee's Rapid Deconstruct  Erth           6%         3d6*      41%         5
 Conjure Ball Lightning   Conj/Air       9%         3x3d6     52%         6
 Confusing Touch          Hex            2%         N/A       65%         3
 Frozen Ramparts          Ice            4%         1d1       65%         3
 Inner Flame              Hex/Fire       2%         N/A       65%         3
 Sigil of Binding         Hex            2%         N/A       65%         3
 Eringya's Noxious Bog    Alch           8%         4d6       73%         6
 Yara's Violent Unravell  Hex/Alch       4%         3d4       78%         5
 Starburst                Conj/Fire      7%         6d4       86%         6
 Silence                  Hex/Air        3%         N/A       96%         5
 Metabolic Englaciation   Hex/Ice        1%         N/A       100%        5
 Plasma Beam              Fire/Air       3%         2x1d13    100%        6
 Enfeeble                 Hex            1%         N/A       100%        7
 Ozocubu's Refrigeration  Ice            1%         4d7       100%        7
 Discord                  Hex            1%         N/A       100%        8
 Disjunction              Tloc           7%         N/A       100%        8
 Lehudib's Crystal Spear  Conj/Erth      10%        10d4      100%        8
 Maxwell's Capacitive Co  Air            5%         ∞         100%        8
 Death's Door             Necr           12%        N/A       100%        9
 Polar Vortex             Ice            1%         N/A       100%        9
 Death Channel            Necr           Unusable   N/A       N/A         6
 Martyr's Knell           Necr/Summ      Unusable   N/A       N/A         4
 Animate Armour           Summ/Erth      Unusable   N/A       N/A         4
 Summon Ice Beast         Ice/Summ       Unusable   N/A       N/A         3
 Summon Lightning Spire   Summ/Air       Unusable   N/A       N/A         4
 Summon Forest            Summ/Tloc      Unusable   N/A       N/A         5
 Summon Blazeheart Golem  Fire/Summ      Unusable   N/A       N/A         4
 Sculpt Simulacrum        Ice/Alch       Unusable   N/A       N/A         6
 Summon Cactus Giant      Summ           Unusable   N/A       N/A         6
 Haunt                    Necr/Summ      Unusable   N/A       N/A         7
 Spellforged Servitor     Conj/Summ      Unusable   N/A       N/A         7
 Summon Horrible Things   Summ           Unusable   N/A       N/A         8

Dungeon Overview and Level Annotations

Branches:
Dungeon (15/15)            Temple (0/1) D:7            Lair (4/5) D:10
  Swamp (4/4) Lair:3       Spider (4/4) Lair:3          Orc (2/2) D:10
    Elf (3/3) Orc:2        Vaults (5/5) D:14          Crypt (0/3) Vaults:2
 Depths (4/4) D:15            Zot (5/5) Depths:4      IceCv (visited)
 WizLab (visited)         Gauntlet (visited)
  Slime: Lair:4-5

Altars:
Dithmenos
Elyvilon
Fedhas
Hepliaklqana
Nemelex Xobeh
Okawaru
Trog
Uskayaw
Vehumet
Zin

Shops:
D:2 [   D:14 [   Orc:2 (![[   Elf:3 :(   Vaults:2 [   Vaults:5 *   Depths:1 !
Depths:2 *   Depths:4 [((

Portals:
Hell: Depths:1 Depths:3 Depths:4
Abyss: Depths:1 Depths:3
Pandemonium: Depths:2

Annotations:
D:9 2 transporters, Pokonic1's ghost, novice OnBe
Lair:3 1 runed translucent door, Yxtequst's ghost, journeyman AtWn
Spider:3 exclusion: downstairs
Elf:2 3 runed translucent doors
Elf:3 1 runed translucent door, Lurir's ghost, journeyman KoHu
Depths:3 8 runed translucent doors
Zot:5 exclusions: orange crystal statue and 1 more exclusion


Innate Abilities, Weirdness & Mutations

You have a beak for a mouth.
You have claws for feet.
Your magical flight helps you evade attacks. (EV +4)
You can magically evade attacks while moving or waiting.
You are clumsy. (Dex -2)
You are dopey. (Int -2)
You are vulnerable to cold. (rC-)
Your spells are a little easier to cast, but a little less powerful.
You occasionally lose the ability to drink potions when taking damage.


Message History

You fly upwards.
There is a stone staircase leading down here.
A Brimstone Fiend comes into view.
Fire: b) +27 heavy crossbow "Sniper" {heavy, Acc+∞ SInv}
Press: ? - help, Q - select action, (/) - cycle Shift-Dir - straight line, f - Brimstone Fiend
Aim: a Brimstone Fiend (100% to hit)
You shoot a bolt. The bolt hits the Brimstone Fiend!!!!
You kill the Brimstone Fiend!
Okawaru accepts your kill.
Your Ranged Weapons skill increases to level 21!
(D) Dungeon (T) Temple (L) Lair (S) Swamp (N) Spider Nest (O) Orcish Mines (E) Elven Halls (V) Vaults (C) Crypt (U) Depths (H) Hell (Z) Zot
Where to? (Tab/Enter - D:1 @ (x,y), ? - help)
There is a stone staircase leading up here.
You fly upwards.
There is a stone staircase leading down here.
There is a stone staircase leading up here.
You fly upwards.
There is a stone staircase leading down here.
There is a stone staircase leading up here.
You fly upwards.
There is a stone staircase leading down here.
An Ice Fiend comes into view.
Fire: b) +27 heavy crossbow "Sniper" {heavy, Acc+∞ SInv}
Press: ? - help, Q - select action, (/) - cycle Shift-Dir - straight line, f - Ice Fiend
Aim: an Ice Fiend (100% to hit)
You shoot a bolt. The bolt hits the Ice Fiend!!!
Fire: b) +27 heavy crossbow "Sniper" {heavy, Acc+∞ SInv}
Press: ? - help, Q - select action, (/) - cycle Shift-Dir - straight line, f/p - Ice Fiend
Aim: an Ice Fiend (heavily wounded, 100% to hit)
You shoot a bolt. The bolt hits the Ice Fiend!!!!
You kill the Ice Fiend!
Okawaru accepts your kill.
(D) Dungeon (T) Temple (L) Lair (S) Swamp (N) Spider Nest (O) Orcish Mines (E) Elven Halls (V) Vaults (C) Crypt (U) Depths (H) Hell (Z) Zot
Where to? (Tab/Enter - D:1 @ (x,y), ? - help)
There is a staircase leading out of the dungeon here.
You have escaped!

........................#.#.##
..........####.##.........#.####
.......##.###..#######.##......#
#########..##.####ß.ß#....#.##.##
##..#.# #.........#......
##...###...........##.##
##...##..ß......#.##.##
###...##ß......####.##... #######
#.....%#@......# #.##...
#.....###......#ß......# #.##...
#..............##..ß...####.##)..
#..............##.........#..##..
#.....###......##.........#.....#
.....## #......###ß.ß#....#.##...
.....# #......#######....#.##..#
.....## ##.......## #....^#.##...
##.#..####...###..###.....#.##.#.


There were no monsters in sight!

Vanquished Creatures
  A dread lich (Zot:5)
  Frederick (Depths:3)
  5 ancient liches
  5 orbs of fire (Zot:5)
  Mara (Spider:3)
  A juggernaut (Depths:3)
  2 royal mummies
  Josephina (Zot:3)
  4 Killer Klowns (Zot:5)
  Bai Suzhen (Depths:1)
  A pandemonium lord (D:9)
  Saint Roka (Orc:2)
  2 antique champions (WizLab)
  6 caustic shrikes
  3 curse toes
  11 golden dragons
  Nikola (Vaults:1)
  2 bone dragons (Depths:4)
  An electric golem (Zot:5)
  2 Brimstone Fiends
  2 Hell Sentinels
  11 tentacled monstrosities
  3 titans
  8 liches
  Mlioglotl (Swamp:2)
  25 Orb Guardians
  2 deep elf blademasters (Elf:3)
  An Ice Fiend (D:1)
  A walking earthen tome (Depths:1)
  2 deep elf master archers (Elf:3)
  5 sphinxes
  2 quicksilver dragons
  2 ancient champions
  Gastronok (D:9)
  9 death cobs
  3 thorn hunters
  8 shadow dragons
  Roxanne (Swamp:3)
  14 storm dragons
  6 protean progenitors
  Donald (Elf:1)
  3 draconian monks
  7 tengu reavers
  A daeva (Depths:4)
  10 draconian knights
  A nagaraja (Zig:4)
  10 draconian scorchers
  The ghost of hikkokomori the Grappler, a journeyman TrSh of Hepliaklqana (Elf:1)
  9 frost giants
  7 fire giants
  4 deep elf elementalists (Elf:3)
  20 vault wardens
  2 emperor scorpions
  9 ghost moths
  7 draconian shifters
  5 iron dragons
  2 ghouls
  10 deep elf sorcerers
  7 spriggan defenders
  8 draconian annihilators
  17 ironbound preservers
  An angel (Depths:1)
  A juggernaut zombie (WizLab)
  2 orc warlords
  A formless jellyfish (Vaults:4)
  6 broodmothers
  5 draconian stormcallers
  11 very ugly things
  10 ironbound thunderhulks
  A caustic shrike skeleton (Depths:3)
  21 stone giants
  12 green draconians
  7 deep elf annihilators
  3 dire elephants
  4 eleionomae
  13 black draconians
  2 vampire knights
  5 deep elf demonologists
  A minotaur (Gauntlet)
  12 yellow draconians
  17 purple draconians
  12 white draconians
  6 bunyips
  11 deep elf death magi
  6 war gargoyles
  15 red draconians
  4 spark wasps
  The ghost of Bravepunisher the Champion of Chaos, a journeyman SpMo of Makhleb (Orc:2)
  20 ettins
  2 jiangshi (WizLab)
  2 crystal guardians
  5 deep elf high priests
  6 shambling mangroves
  8 fire dragons
  6 great orbs of eyes
  9 ice dragons
  31 vault guards
  7 entropy weavers
  12 yaktaur captains
  10 rakshasas
  13 hydras
  4 peacekeepers
  11 spriggan air magi
  5 centaur warriors
  2 jorogumos
  17 alligators
  3 radroaches
  Erica (D:10)
  3 ogre magi
  3 catoblepae
  11 ghost crabs
  7 two-headed ogres
  9 boulder beetles
  10 ironbound frosthearts
  2 death yaks (Lair:3)
  A sphinx skeleton (Depths:3)
  3 death scarabs
  10 deep troll shamans
  12 dancing weapons
  9 deep troll earth magi
  A naga sharpshooter (Zig:4)
  3 occultists
  7 demonic crawlers
  2 vampire magi
  5 orc high priests (Orc:2)
  10 tengu warriors
  5 spriggan berserkers
  15 hell knights
  A shock serpent (Zig:4)
  A storm dragon zombie (Depths:3)
  8 deep elf knights
  5 iron trolls
  19 skeletal warriors
  10 pharaoh ants
  A storm dragon skeleton (WizLab)
  A sixfirhy (Depths:2)
  A death drake (shapeshifter) (Depths:2)
  10 goliath frogs
  12 arcanists
  55 deep trolls
  12 orb spiders
  8 bog bodies
  5 flayed ghosts
  A quicksilver dragon simulacrum (Zot:3)
  A naga ritualist (Zig:4)
  2 spriggan druids
  13 swamp dragons
  A glowing orange brain (shapeshifter) (Depths:2)
  5 glowing orange brains
  A mana viper (shapeshifter) (Zig:2)
  2 sun moths (Spider:4)
  2 harpies (shapeshifter)
  9 orc knights
  6 phantasmal warriors
  9 deep elf archers
  5 lindwurms
  16 ironbound convokers
  6 orc sorcerers
  Pikel (D:7)
  A faun (shapeshifter) (Depths:4)
  14 deep elf zephyrmancers
  11 harpies
  5 steelbarb worms
  20 deep elf pyromancers
  3 steelbarb worms (shapeshifter)
  9 necromancers
  25 wolf spiders
  46 ugly things
  3 manticores
  3 shining eyes (shapeshifter)
  9 cyclopes
  24 moths of wrath
  A frost giant zombie (Depths:3)
  A tengu skeleton (Zig:6)
  An iron dragon skeleton (Vaults:3)
  7 will-o-the-wisps
  A meliai (Spider:4)
  Maurice (D:7)
  A stone giant skeleton (Vaults:3)
  A fire giant skeleton (Depths:3)
  19 vault sentinels
  A water nymph (shapeshifter) (Zig:2)
  An apocalypse crab (Zig:2)
  2 water nymphs (Zot:2)
  2 kobold blastminers (Orc:2)
  2 gargoyles (Gauntlet)
  A molten gargoyle (Gauntlet)
  6 black mambas
  9 torpor snails
  A storm dragon simulacrum (WizLab)
  A cane toad (shapeshifter) (D:14)
  Jeremiah (D:7)
  A centaur skeleton (D:15)
  A spriggan zombie (Zig:6)
  3 rime drakes
  A yaktaur zombie (Vaults:3)
  5 cane toads
  An unseen horror (shapeshifter) (D:14)
  Maggie (D:6)
  2 freezing wraiths (Vaults:5)
  6 komodo dragons
  2 unseen horrors
  26 yaktaurs
  Psyche (D:9)
  6 tengu conjurers
  An efreet (D:13)
  A red devil (D:9)
  An ice devil (Zot:3)
  A komodo dragon (shapeshifter) (Depths:2)
  5 trolls
  5 bloated husks
  A guardian mummy (Zig:6)
  2 golden dragon simulacra
  A tarantella (shapeshifter) (Vaults:5)
  A shadow dragon simulacrum (Zot:3)
  A queen bee (shapeshifter) (Elf:1)
  7 tyrant leeches
  33 hornets
  A merfolk (shapeshifter) (Vaults:5)
  30 tarantellas
  4 blink frogs (Lair:3)
  9 dream sheep (Lair:3)
  5 glass eyes
  27 jumping spiders
  17 slime creatures
  An ettin skeleton (WizLab)
  A slime creature (shapeshifter) (Vaults:5)
  A spectral black mamba (Gauntlet)
  26 culicivoras
  An air elemental (Elf:3)
  A centaur simulacrum (D:15)
  A wraith (D:11)
  A culicivora (shapeshifter) (Vaults:5)
  21 spriggans
  3 water elementals
  A shadow (D:10)
  2 wyverns
  A ynoxinul (D:9)
  2 vampires (WizLab)
  Grum (D:11)
  31 yaks
  2 fire elementals (Elf:3)
  A hog (shapeshifter) (D:13)
  3 steam dragons
  A basilisk (D:15)
  7 wargs
  2 ushabtiu (Zig:6)
  2 death yak simulacra (IceCv)
  58 redbacks
  25 swamp worms
  A green draconian simulacrum (Zot:3)
  24 vampire mosquitoes
  A deep troll zombie (WizLab)
  A spectral cane toad (Gauntlet)
  A swamp worm (shapeshifter) (Vaults:5)
  4 acid dragons
  A moth of wrath simulacrum (Zot:3)
  8 water moccasins
  7 swamp drakes
  3 black bears
  A glowing shapeshifter skeleton (Vaults:3)
  41 orc warriors
  A spectral torpor snail (Gauntlet)
  A meliai simulacrum (D:14)
  4 sky beasts
  An ice beast (D:8)
  A sky beast (shapeshifter) (Depths:1)
  3 swamp dragon zombies (WizLab)
  10 ogres
  13 wolves
  10 centaurs
  2 lemures (D:7)
  4 kobold brigands
  An earth elemental (Elf:1)
  12 bullfrogs
  5 scorpions
  5 gnoll sergeants
  13 wights
  18 killer bees
  2 electric eels
  6 howler monkeys
  A human simulacrum (Vaults:3)
  3 jellies
  A gnoll bouda (D:7)
  38 orc priests
  A cyclops simulacrum (WizLab)
  4 sleepcaps
  3 iguanas
  32 orc wizards
  9 hell rats (Lair:2)
  2 polar bear simulacra (IceCv)
  A boggart skeleton (D:15)
  A wolf simulacrum (IceCv)
  A mummy (Zig:6)
  24 gnolls
  4 adders
  11 river rats (Lair:2)
  A shadow imp (D:5)
  A white imp (D:9)
  11 dart slugs
  81 orcs
  4 ball pythons
  4 endoplasms
  4 giant cockroaches
  6 goblins
  11 hobgoblins
  21 kobolds
  6 quokkas
  3 bats
  2 frilled lizards
  16 rats
  2 aspiring fleshes
2173 creatures vanquished.

Vanquished Creatures (others)
  A vault warden (Vaults:2)
  A hydra (Swamp:4)
  A spriggan (Depths:2)
  A goliath frog (Swamp:3)
  A bog body (Swamp:2)
  A naga ritualist (Zig:4)
  A yaktaur (Vaults:1)
  3 bloated husks
  A hornet (Depths:2)
  A swamp worm (Swamp:1)
  20 foxfires
32 creatures vanquished.

Grand Total: 2205 creatures vanquished

Notes
Turn   | Place    | Note
-------+----------+-------------------------------------------
     0 | D:1      | ragingrage the Tengu Hunter began the quest for the Orb.
     0 | D:1      | Reached XP level 1. HP: 12/12 MP: 2/2
    70 | D:1      | Reached XP level 2. HP: 17/17 MP: 3/3
   260 | D:1      | Found a faded altar of an unknown god.
   393 | D:1      | Got Vehumet's Guidebook on Fulmination
   492 | D:2      | Reached skill level 5 in Ranged Weapons
   492 | D:2      | Reached XP level 3. HP: 21/21 MP: 4/4
   670 | D:2      | Found Xaan Mio's Antique Armour Shoppe.
  1215 | D:3      | Reached XP level 4. HP: 26/26 MP: 5/5
  1847 | D:4      | Reached XP level 5. HP: 30/30 MP: 6/6
  1874 | D:4      | Learned a level 3 spell: Mephitic Cloud
  1978 | D:4      | Got Sif Muna's Incunable of Ice
  2345 | D:5      | Entered Level 5 of the Dungeon
  2345 | D:5      | Noticed an ogre
  2412 | D:5      | Noticed a black bear
  2467 | D:5      | Noticed a black bear
  2480 | D:4      | Killed a black bear
  2481 | D:4      | Reached XP level 6. HP: 30/35 MP: 7/7
  2524 | D:5      | Found an iron altar of Okawaru.
  2532 | D:5      | Became a worshipper of Warmaster Okawaru
  2548 | D:5      | Reached skill level 1 in Conjurations
  2548 | D:5      | Reached skill level 1 in Air Magic
  2625 | D:5      | Noticed a black bear
  2631 | D:5      | Killed a black bear
  2632 | D:5      | Reached skill level 1 in Alchemy
  2632 | D:5      | Gained mutation: Your magical flight helps you evade
                  | attacks. (EV +4) [Tengu growth]
  2632 | D:5      | Reached XP level 7. HP: 40/40 MP: 8/8
  2677 | D:5      | Reached * piety under Okawaru
  3035 | D:6      | Identified the ring of Crawling {Wiz rF- Str+5}
  3113 | D:6      | Reached XP level 8. HP: 34/44 MP: 9/9
  3323 | D:6      | Reached ** piety under Okawaru
  3480 | D:6      | Found a glowing silver altar of Zin.
  3482 | D:6      | Found a white marble altar of Elyvilon.
  3948 | D:6      | Reached skill level 5 in Air Magic
  3966 | D:6      | Reached skill level 5 in Conjurations
  4066 | D:6      | Noticed Maggie
  4087 | D:6      | Killed Maggie
  4088 | D:6      | Reached skill level 10 in Ranged Weapons
  4208 | D:7      | Found a radiant altar of Vehumet.
  4326 | D:7      | Reached XP level 9. HP: 33/48 MP: 10/10
  4503 | D:7      | Noticed Maurice
  4534 | D:7      | Found a staircase to the Ecumenical Temple.
  4783 | D:8      | Noticed a two-headed ogre
  4795 | D:8      | Killed a two-headed ogre
  4795 | D:8      | Reached *** piety under Okawaru
  4795 | D:8      | Reached **** piety under Okawaru
  4796 | D:8      | Reached skill level 3 in Dodging
  4848 | D:7      | Reached skill level 4 in Dodging
  4918 | D:7      | Found a shadowy altar of Dithmenos.
  4930 | D:7      | Noticed a cyclops
  4930 | D:7      | Noticed Pikel
  5085 | D:7      | Killed a cyclops
  5240 | D:7      | Noticed Jeremiah
  5349 | D:7      | Reached XP level 10. HP: 50/57 MP: 11/11
  5377 | D:7      | Reached skill level 5 in Dodging
  5453 | D:7      | Killed Maurice
  5731 | D:7      | Killed Pikel
  5731 | D:7      | Reached ***** piety under Okawaru
  5732 | D:7      | Reached skill level 5 in Fighting
  5793 | D:7      | Killed Jeremiah
  5794 | D:7      | Reached skill level 6 in Dodging
  5858 | D:7      | You are sucked into a shaft and drop 1 floor!
  5907 | D:8      | Received a gift from Okawaru
  6177 | D:8      | Reached skill level 7 in Dodging
  6245 | D:8      | Reached skill level 1 in Armour
  6254 | D:8      | Noticed a two-headed ogre
  6263 | D:8      | Killed a two-headed ogre
  6264 | D:8      | Reached skill level 1 in Invocations
  6264 | D:8      | Reached XP level 11. HP: 58/64 MP: 11/13
  6272 | D:8      | Noticed a cyclops
  6286 | D:8      | Killed a cyclops
  6314 | D:8      | Noticed a cyclops
  6321 | D:8      | Noticed a two-headed ogre
  6329 | D:8      | Killed a cyclops
  6339 | D:8      | Killed a two-headed ogre
  6371 | D:8      | Reached ****** piety under Okawaru
  6375 | D:8      | Acquired the +8 longbow "Zephyr" {speed, Dex+3 SInv}
  6375 | D:8      | Received a gift from Okawaru
  6375 | D:8      | Found the +8 longbow "Zephyr" {speed, Dex+3 SInv}
  6377 | D:8      | Acquired the +8 ring mail "Himunn Exkao" {^Contam rC++
                  | Will+ Dex+3}
  6377 | D:8      | Received a gift from Okawaru
  6533 | D:8      | Reached skill level 8 in Dodging
  6603 | D:8      | Found a sparkling altar of Nemelex Xobeh.
  6883 | D:9      | Noticed Psyche
  6885 | D:9      | Killed Psyche
  6885 | D:9      | Received a gift from Okawaru
  7060 | D:9      | Found a transporter.
  7099 | D:9      | Found a hide-covered altar of Uskayaw.
  7125 | D:9      | Noticed Gastronok
  7140 | D:9      | Killed Gastronok
  7252 | D:9      | Found a transporter.
  7256 | D:9      | Noticed Pokonic1's ghost (novice OnBe)
  7350 | D:10     | Entered Level 10 of the Dungeon
  7438 | D:10     | Found a staircase to the Orcish Mines.
  7599 | D:10     | Reached XP level 12. HP: 71/71 MP: 14/16
  7604 | D:10     | Learned a level 3 spell: Ozocubu's Armour
  7613 | D:10     | Found a staircase to the Lair.
  7682 | D:10     | Noticed Erica
  7687 | D:10     | Killed Erica
  7688 | D:10     | Reached skill level 5 in Armour
  7688 | D:10     | Reached skill level 9 in Dodging
  7759 | D:10     | Received a gift from Okawaru
  8428 | D:11     | Found a hazy altar of Hepliaklqana.
  8475 | D:11     | Reached skill level 15 in Ranged Weapons
  8477 | D:11     | Found a frozen archway.
  8487 | IceCv    | Entered an ice cave
  8509 | IceCv    | Found a transporter.
  8517 | IceCv    | Found a transporter.
  8745 | D:11     | Noticed a two-headed ogre
  8747 | D:11     | Killed a two-headed ogre
  8748 | D:11     | Reached skill level 5 in Invocations
  9003 | D:11     | Noticed Grum
  9014 | D:11     | Killed Grum
  9136 | D:12     | Received a gift from Okawaru
  9181 | D:12     | Reached skill level 10 in Dodging
  9867 | D:13     | Noticed a four-headed hydra
  9872 | D:13     | Killed a four-headed hydra
 10010 | D:13     | Reached XP level 13. HP: 76/76 MP: 17/17
 10212 | D:13     | Reached skill level 11 in Dodging
 10453 | D:13     | Received a gift from Okawaru
 10733 | Lair:1   | Entered Level 1 of the Lair of Beasts
 11829 | Lair:2   | Reached skill level 10 in Armour
 11903 | Lair:2   | Received a gift from Okawaru
 12575 | Lair:2   | You are sucked into a shaft and drop 2 floors!
 12665 | Lair:3   | Found a runed translucent door.
 12668 | Lair:3   | Noticed Yxtequst's ghost (journeyman AtWn)
 12672 | Lair:3   | Identified the +8 spear "Dragon's Tongue" {venom, rN+}
 12698 | Lair:3   | Found a hole to the Spider Nest.
 12772 | Lair:3   | Received a gift from Okawaru
 13201 | Lair:3   | Reached XP level 14. HP: 82/82 MP: 18/18
 13408 | Lair:3   | Reached skill level 1 in Evocations
 13618 | Lair:3   | Found a staircase to the Swamp.
 13717 | Lair:3   | Identified a scroll of acquirement
 14001 | Orc:1    | Entered Level 1 of the Orcish Mines
 14013 | Orc:1    | Received a gift from Okawaru
 14196 | Orc:2    | Entered Level 2 of the Orcish Mines
 14292 | Orc:2    | Found a staircase to the Elven Halls.
 14319 | Orc:2    | Noticed Saint Roka
 14354 | Orc:2    | Killed Saint Roka
 14584 | Orc:2    | Received a gift from Okawaru
 15042 | Orc:2    | Noticed an orc warlord
 15081 | Orc:2    | Killed an orc warlord
 15138 | Orc:2    | Found Fipsarch's Weapon Boutique.
 15139 | Orc:2    | Found Wedghoq's Armour Shop.
 15140 | Orc:2    | Found Roqyno's Antique Armour Shop.
 15144 | Orc:2    | Found Dasseu's Distillery.
 15149 | Orc:2    | Bought a potion of resistance for 180 gold pieces
 15149 | Orc:2    | Bought a potion of mutation for 144 gold pieces
 15240 | Orc:2    | Found a runed translucent door.
 15244 | Orc:2    | Noticed Bravepunisher's ghost (journeyman SpMo)
 15247 | Orc:2    | Found the +1 cloak of Starlight {*Dazzle EV+4 Stlth--}
 15578 | Orc:2    | Killed Bravepunisher's ghost
 15578 | Orc:2    | Received a gift from Okawaru
 16024 | D:14     | Acquired 1229 gold pieces
 16163 | D:14     | Found Enloubesk's Antique Armour Boutique.
 16181 | D:14     | Reached XP level 15. HP: 89/89 MP: 20/20
 16218 | D:14     | Found a bloodstained altar of Trog.
 16271 | D:14     | Found a gate leading to a gauntlet.
 16284 | D:14     | Identified the +1 plate armour "Forget-Me-Not" {rElec rC-
                  | Will- rCorr}
 16302 | Gauntlet | Entered a Gauntlet
 16302 | Gauntlet | Found a transporter.
 16311 | Gauntlet | Found a transporter.
 16332 | Gauntlet | Found a transporter.
 16336 | Gauntlet | Found a transporter.
 16353 | Gauntlet | Found a transporter.
 16366 | Gauntlet | Found a transporter.
 16380 | Gauntlet | Found a transporter.
 16409 | Gauntlet | Found a transporter.
 16409 | Gauntlet | Found a transporter.
 16414 | Gauntlet | Found a transporter.
 16448 | Gauntlet | Found a transporter.
 16448 | Gauntlet | Found a transporter.
 16590 | Gauntlet | Identified the +1 hat of Weirdness {Str+2}
 16619 | Gauntlet | Identified the +9 great sword of Malaise {vamp, ^Contam
                  | Dex+5}
 16629 | Gauntlet | Received a gift from Okawaru
 16840 | D:14     | Found a gate to the Vaults.
 17180 | D:15     | Entered Level 15 of the Dungeon
 17217 | D:15     | Reached skill level 12 in Dodging
 17367 | D:15     | Received a gift from Okawaru
 17482 | D:15     | Reached skill level 10 in Fighting
 17891 | D:15     | Received a gift from Okawaru
 17911 | D:15     | Reached skill level 13 in Dodging
 18044 | D:15     | Found a staircase to the Depths.
 18250 | Swamp:1  | Entered Level 1 of the Swamp
 18459 | Swamp:1  | Received a gift from Okawaru
 18478 | Swamp:1  | Reached XP level 16. HP: 100/100 MP: 21/21
 18743 | Swamp:2  | Noticed Mlioglotl
 18760 | Swamp:2  | Killed Mlioglotl
 18925 | Swamp:2  | Reached skill level 14 in Dodging
 19067 | Swamp:2  | Noticed a thorn hunter
 19074 | Swamp:2  | Received a gift from Okawaru
 19083 | Swamp:2  | Killed a thorn hunter
 19361 | Swamp:2  | Found the +10 Black Knight's barding {ponderous, rPois rN+}
 19452 | Swamp:3  | Received a gift from Okawaru
 19517 | Arena    | Entered the Arena
 19634 | Swamp:4  | Entered Level 4 of the Swamp
 19693 | Swamp:4  | Received a gift from Okawaru
 19715 | Swamp:4  | Noticed a thorn hunter
 19716 | Swamp:4  | Reached XP level 17. HP: 50/106 MP: 23/23
 19866 | Swamp:3  | Reached skill level 5 in Evocations
 20163 | Swamp:3  | Noticed Roxanne
 20177 | Swamp:3  | Killed Roxanne
 20254 | Swamp:4  | Reached skill level 5 in Stealth
 20266 | Swamp:4  | Received a gift from Okawaru
 20288 | Swamp:4  | Paralysed by a hornet for 3 turns
 20667 | Swamp:4  | Received a gift from Okawaru
 20687 | Swamp:4  | Reached skill level 15 in Dodging
 20765 | Swamp:4  | Got a decaying rune of Zot
 21977 | D:14     | Bought an ancient ring mail for 297 gold pieces
 21977 | D:14     | Identified the +4 ring mail of Freedom {rF+ MP-9 Int+3}
                  | (You bought it in a shop on level 14 of the Dungeon)
 22096 | Orc:2    | Bought faintly humming swamp dragon scales for 1485 gold
                  | pieces
 22096 | Orc:2    | Identified the +1 swamp dragon scales of Impatience {rPois
                  | Str+3} (You bought it in a shop on level 2 of the Orcish
                  | Mines)
 22171 | Spider:1 | Entered Level 1 of the Spider Nest
 22409 | Spider:1 | Received a gift from Okawaru
 22937 | Spider:1 | Reached XP level 18. HP: 82/114 MP: 25/25
 23269 | Spider:2 | Received a gift from Okawaru
 23566 | Spider:3 | Gained mutation: You are vulnerable to cold. (rC-)
                  | [mutagenic glow]
 23845 | Spider:3 | Received a gift from Okawaru
 23978 | Spider:4 | Entered Level 4 of the Spider Nest
 24200 | Spider:4 | Noticed Mara
 24204 | Spider:4 | Noticed ragingrage's illusion
 24753 | Spider:4 | Reached skill level 16 in Dodging
 25064 | Spider:4 | Reached skill level 15 in Armour
 25065 | Spider:4 | Received a gift from Okawaru
 25113 | Spider:4 | Noticed ragingrage's illusion
 25141 | Spider:3 | Killed Mara
 25359 | Spider:4 | Reached skill level 10 in Invocations
 25949 | Spider:4 | Received a gift from Okawaru
 26021 | Spider:4 | Reached skill level 10 in Evocations
 26021 | Spider:4 | Reached XP level 19. HP: 121/121 MP: 27/27
 26123 | Spider:4 | Got a gossamer rune of Zot
 26172 | Spider:4 | Reached XP level 20. HP: 127/127 MP: 28/28
 26341 | Elf:1    | Entered Level 1 of the Elven Halls
 26513 | Elf:1    | Reached skill level 17 in Dodging
 26560 | Elf:1    | Noticed Donald
 26572 | Elf:1    | Killed Donald
 26722 | Elf:1    | Found a runed translucent door.
 26730 | Elf:1    | Noticed hikkokomori's ghost (journeyman TrSh)
 26934 | Elf:1    | Received a gift from Okawaru
 27225 | Elf:1    | Killed hikkokomori's ghost
 27357 | Elf:2    | Found a runed translucent gate.
 27357 | Elf:2    | Found a runed translucent gate.
 27357 | Elf:2    | Found a runed translucent gate.
 27992 | Elf:3    | Entered Level 3 of the Elven Halls
 27993 | Elf:3    | Noticed Lurir's ghost (journeyman KoHu)
 28058 | Elf:3    | Found Keacaas's Self-Improvement Boutique.
 28073 | Elf:3    | Bought a manual of Dodging for 960 gold pieces
 28198 | Elf:3    | Found Duaf's Weapon Shop.
 28490 | Elf:3    | Reached skill level 15 in Fighting
 28490 | Elf:3    | Reached skill level 18 in Dodging
 28549 | Elf:3    | Found a runed translucent door.
 28778 | Elf:3    | Received a gift from Okawaru
 28994 | Elf:3    | Noticed a Brimstone Fiend
 28999 | Elf:3    | Reached skill level 19 in Dodging
 29113 | Elf:3    | Identified the +6 mace "ragingrage's Regret" {speed, rN+
                  | rCorr Int+2}
 29113 | Elf:3    | Identified the amulet of Zediux {RegenMP +Blink Fly rF+
                  | Dex+2}
 29247 | Elf:3    | Identified the +5 hand axe of Ambiguity {vamp, rPois Dex+4}
 29255 | Elf:3    | Reached skill level 20 in Dodging
 29256 | Elf:3    | Received a gift from Okawaru
 29327 | Elf:3    | Identified the +3 rapier of Kibb {antimagic, rF+ Str+2
                  | Int+3}
 29327 | Elf:3    | Identified the amulet "Tipeh" {RegenMP rPois}
 29367 | Elf:3    | Found the +0 pair of fencer's gloves {Riposte Dex+3}
 29386 | Elf:3    | Got Experienced Spellcraft
 29393 | Elf:3    | Learned a level 5 spell: Irradiate
 29471 | Elf:3    | Identified the +2 cloak "Ytog" {rPois Str+3 Int-2}
 29769 | Vaults:1 | Entered Level 1 of the Vaults
 29792 | Vaults:1 | Found a flickering gateway to a bazaar.
 29806 | Vaults:1 | Reached skill level 21 in Dodging
 29826 | Bazaar   | Entered a bazaar
 29828 | Bazaar   | Found Rurelevo's Weapon Boutique.
 29860 | Bazaar   | Found Ymugiff's General Store.
 29878 | Bazaar   | Found Luyppapu's Assorted Antiques.
 30017 | Bazaar   | Bought a scroll of immolation for 84 gold pieces
 30017 | Bazaar   | Bought 2 potions of mutation for 336 gold pieces
 30286 | Vaults:1 | Reached XP level 21. HP: 134/134 MP: 29/29
 30317 | Vaults:1 | Received a gift from Okawaru
 30875 | Vaults:1 | Noticed Nikola
 30899 | Vaults:1 | Killed Nikola
 31177 | Vaults:2 | Got the Thoughts on Summoned Spellbinding
 31349 | Vaults:2 | Received a gift from Okawaru
 31398 | Vaults:2 | Reached skill level 22 in Dodging
 31405 | Vaults:2 | Reached skill level 5 in Alchemy
 32318 | Vaults:2 | Received a gift from Okawaru
 32341 | Vaults:2 | Reached skill level 10 in Conjurations
 32678 | Vaults:2 | Found Itup's Antique Armour Emporium.
 32872 | Vaults:2 | Found a staircase to the Crypt.
 33158 | Vaults:3 | Received a gift from Okawaru
 33223 | Vaults:3 | Reached XP level 22. HP: 141/141 MP: 30/30
 33532 | Vaults:3 | Found a glowing silver altar of Zin.
 33700 | Vaults:3 | Found a radiant altar of Vehumet.
 33887 | Vaults:3 | Received a gift from Okawaru
 34153 | Vaults:3 | Identified the +3 lajatang of Leoritz {venom, Dex+2}
 34411 | Vaults:4 | Found a magical portal.
 34425 | WizLab   | Entered Zonguldrok's Shrine
 34739 | WizLab   | Noticed an antique champion
 34739 | WizLab   | Noticed an antique champion
 34770 | WizLab   | Killed an antique champion
 34780 | WizLab   | Killed an antique champion
 34788 | WizLab   | Got the Handbook of the Mortuary
 34825 | WizLab   | Identified the +7 plate armour of Buiho {Rampage}
 34828 | WizLab   | Identified the +3 crystal plate armour "Miclec" {rF- Int+4
                  | Dex+4}
 34983 | Vaults:4 | Received a gift from Okawaru
 35857 | Vaults:4 | Identified the +9 flail of Tinn {vamp, rElec}
 35998 | Vaults:4 | Learned a level 5 spell: Borgnjor's Vile Clutch
 36075 | Vaults:5 | Entered Level 5 of the Vaults
 36082 | Vaults:5 | Received a gift from Okawaru
 36164 | Vaults:5 | Reached XP level 23. HP: 141/152 MP: 25/31
 36187 | Vaults:5 | Reached skill level 15 in Conjurations
 36248 | Vaults:5 | Noticed a golden dragon
 36265 | Vaults:5 | Killed a golden dragon
 36281 | Vaults:5 | Noticed an ancient lich
 36290 | Vaults:5 | Received a gift from Okawaru
 36310 | Vaults:5 | Killed an ancient lich
 36605 | Vaults:5 | Identified the +4 war axe of Absolution {flame, rPois rF+++
                  | Int-3 Dex-4}
 36618 | Vaults:5 | Received a gift from Okawaru
 36725 | Vaults:5 | Got a silver rune of Zot
 36741 | Vaults:5 | Identified the +0 ring mail "Bejerac" {*Slow Will+++ rCorr
                  | Stlth+}
 36771 | Vaults:5 | Identified the ring of Geymoxt {rN+++ Str+6}
 36975 | Vaults:5 | Identified the staff of the Sugar Beet {^Drain rC+ rN++ Ice
                  | Alchemy}
 37001 | Vaults:5 | Received a gift from Okawaru
 37017 | Vaults:5 | Identified the ring of Jiedwef {^Contam *Corrode Fly rF++
                  | Slay+5}
 37045 | Vaults:5 | Got the Quarto of Blasted Correspondence
 37057 | Vaults:5 | Learned a level 2 spell: Blink
 37093 | Vaults:5 | Identified the staff of ragingrage's Woe {rF+ Int+3 Fire}
 37160 | Vaults:5 | Noticed an ancient lich
 37168 | Vaults:5 | Killed an ancient lich
 37169 | Vaults:5 | Reached skill level 1 in Translocations
 37298 | Vaults:5 | Found Zoquf's General Store.
 37523 | Vaults:5 | Received a gift from Okawaru
 37958 | Depths:1 | Entered Level 1 of the Depths
 37958 | Depths:1 | Found a gateway to Hell.
 38035 | Depths:1 | Reached XP level 24. HP: 160/160 MP: 31/31
 38067 | Depths:1 | Noticed a caustic shrike
 38077 | Depths:1 | Killed a caustic shrike
 38253 | Depths:1 | Identified the +2 ring mail "Xifouxon" {*Corrode Fly rN+
                  | Str+3}
 38301 | Depths:1 | Found Tyxkaur's Distillery.
 38310 | Depths:1 | Bought a potion of curing for 54 gold pieces
 38399 | Depths:1 | Found a one-way gateway to a ziggurat.
 38437 | Depths:1 | Found the +7 mace of Variability {chaos, chaos arc}
 38455 | Depths:1 | Received a gift from Okawaru
 38874 | Depths:1 | Found a one-way gate to the infinite horrors of the Abyss.
 38899 | Depths:1 | Identified the dragon-blood talisman of Efehitro {rF+}
 38899 | Depths:1 | Noticed Bai Suzhen
 38926 | Depths:1 | Killed Bai Suzhen
 38927 | Depths:1 | Reached skill level 1 in Spellcasting
 39117 | Depths:2 | Found Worexkut's General Store.
 39136 | Depths:2 | Bought 2 potions of heal wounds for 160 gold pieces
 39180 | Depths:2 | Found a one-way gate leading to the halls of Pandemonium.
 39481 | Depths:2 | Reached skill level 5 in Translocations
 39548 | Depths:2 | Received a gift from Okawaru
 39611 | Depths:2 | Reached skill level 1 in Necromancy
 39622 | Depths:2 | Reached skill level 1 in Earth Magic
 39699 | Depths:2 | Identified the staff of Tumult {rPois rF+ Int+6 Fire}
 39777 | Depths:2 | Received a gift from Okawaru
 39822 | Depths:2 | Noticed a caustic shrike
 39832 | Depths:2 | Killed a caustic shrike
 39920 | Depths:2 | Noticed a caustic shrike
 39933 | Depths:2 | Killed a caustic shrike
 39959 | Depths:2 | Identified the +1 plate armour "Seaqifi" {Regen+ Str+3
                  | Int-2}
 39989 | Depths:2 | Noticed a caustic shrike
 39991 | Depths:2 | Killed a caustic shrike
 40002 | Depths:2 | Reached skill level 5 in Necromancy
 40003 | Depths:2 | Reached XP level 25. HP: 168/168 MP: 31/31
 40373 | Depths:2 | Found a one-way gate leading to the halls of Pandemonium.
 40393 | Depths:2 | Found Worexkut's General Store.
 40738 | Depths:3 | Noticed a juggernaut
 40741 | Depths:3 | Killed a juggernaut
 40917 | Depths:3 | Found a blossoming altar of Fedhas.
 41068 | Depths:3 | Found a large runed translucent door.
 41073 | Depths:3 | Found a large runed translucent door.
 41106 | Depths:3 | Reached skill level 23 in Dodging
 41110 | Depths:3 | Received a gift from Okawaru
 41122 | Depths:3 | Found a large runed translucent door.
 41215 | Depths:3 | Identified the orb "Iddideno" {*channel, rPois rC+}
 41215 | Depths:3 | Noticed Frederick
 41222 | Depths:3 | Killed Frederick
 41273 | Depths:3 | Found a large runed translucent door.
 41276 | Depths:3 | Found a large runed translucent door.
 41277 | Depths:3 | Found a large runed translucent door.
 41514 | Depths:3 | Found a large runed translucent door.
 41519 | Depths:3 | Found a large runed translucent door.
 41603 | Depths:4 | Entered Level 4 of the Depths
 41641 | Depths:4 | Received a gift from Okawaru
 41923 | Depths:4 | Reached skill level 10 in Necromancy
 42231 | Depths:4 | Reached skill level 5 in Earth Magic
 42510 | Depths:4 | Received a gift from Okawaru
 42992 | Depths:4 | Found a gate to the Realm of Zot.
 43074 | Depths:4 | Found Huitor's Antique Weapon Shop.
 43076 | Depths:4 | Found Hileipp Fues's Weapon Boutique.
 43079 | Depths:4 | Found Diweus's Antique Armour Shop.
 43086 | Depths:4 | Bought an ichor-stained scale mail for 180 gold pieces
 43086 | Depths:4 | Identified the +2 scale mail of the Brewing Yaks {Int+3}
                  | (You bought it in a shop on level 4 of the Depths)
 43280 | Zot:1    | Entered Level 1 of the Realm of Zot
 43482 | Depths:4 | Reached XP level 26. HP: 151/174 MP: 22/31
 43486 | Depths:4 | Received a gift from Okawaru
 43705 | Zot:1    | Reached skill level 10 in Stealth
 44508 | Zot:2    | Received a gift from Okawaru
 45393 | Zot:3    | Received a gift from Okawaru
 45906 | Zot:3    | Identified the ring of Bain {Ice Int+2}
 45906 | Zot:3    | Noticed Josephina
 45908 | Zot:3    | Killed Josephina
 46516 | Zot:4    | Acquired the ring of Propriety {rF+++ rCorr Str+2 Dex-2}
 46544 | Zot:4    | Received a gift from Okawaru
 46603 | Zot:4    | Reached XP level 27. HP: 181/181 MP: 31/31
 47419 | Zot:5    | Entered Level 5 of the Realm of Zot
 47537 | Zot:5    | Reached skill level 24 in Dodging
 47831 | Zot:5    | Received a gift from Okawaru
 47975 | Zot:5    | Noticed an orb of fire
 47975 | Zot:5    | Noticed an orb of fire
 48318 | Zig:1    | Entered Level 1 of a ziggurat
 48336 | Zig:1    | Learned a level 8 spell: Borgnjor's Revivification
 48346 | Zig:2    | Entered Level 2 of a ziggurat
 48375 | Zig:3    | Entered Level 3 of a ziggurat
 48407 | Zig:3    | Identified the staff of the Enemy {^Contam rPois Str+3
                  | Int-4 Conj Hexes}
 48440 | Zig:3    | Learned a level 6 spell: Dispersal
 48441 | Zig:4    | Entered Level 4 of a ziggurat
 48480 | Zig:5    | Entered Level 5 of a ziggurat
 48532 | Zig:6    | Entered Level 6 of a ziggurat
 48539 | Zig:6    | Noticed a royal mummy
 48539 | Zig:6    | Noticed a royal mummy
 48548 | Arena    | Entered the Arena
 48557 | Arena    | Killed a royal mummy
 48575 | Zig:6    | Killed a royal mummy
 48607 | Zig:6    | Identified the +3 chain mail of Free Will {rF++ rN+}
 48610 | Zig:6    | Identified the staff of the Immovable Beds {rF++ Will++
                  | Stlth+ Conj}
 49732 | Zot:5    | Noticed a dread lich
 49735 | Zot:5    | Killed a dread lich
 49929 | Zot:5    | Received a gift from Okawaru
 50400 | Zot:5    | Noticed an orb of fire
 50409 | Zot:5    | Gained mutation: You occasionally lose the ability to drink
                  | potions when taking damage. [an orb of fire]
 50409 | Zot:5    | Gained mutation: You are dopey. (Int -2) [an orb of fire]
 50410 | Zot:5    | Killed an orb of fire
 50425 | Zot:5    | Noticed an orb of fire
 50432 | Zot:5    | Killed an orb of fire
 50433 | Zot:5    | Reached skill level 5 in Spellcasting
 50436 | Zot:5    | Noticed an ancient lich
 50439 | Zot:5    | Noticed an ancient lich
 50440 | Zot:5    | Noticed an orb of fire
 50447 | Zot:5    | Killed an orb of fire
 50449 | Zot:5    | Killed an ancient lich
 50462 | Zot:5    | Killed an ancient lich
 50467 | Zot:5    | Noticed an orb of fire
 50469 | Zot:5    | Killed an orb of fire
 50742 | Zot:5    | Noticed an ancient lich
 50751 | Zot:5    | Killed an ancient lich
 50751 | Zot:5    | Received a gift from Okawaru
 50826 | Zot:5    | Gained mutation: Your spells are a little easier to cast,
                  | but a little less powerful. [an orb of fire]
 50826 | Zot:5    | Gained mutation: You are clumsy. (Dex -2) [an orb of fire]
 50827 | Zot:5    | Killed an orb of fire
 51246 | Zot:5    | Got the Orb of Zot
 51269 | Zot:5    | Reached skill level 15 in Necromancy
 51522 | Depths:4 | Noticed Xuilesan the pandemonium lord
 51740 | D:9      | Noticed Yploelek the pandemonium lord
 51742 | D:9      | Killed Yploelek the pandemonium lord
 51742 | D:9      | Received a gift from Okawaru
 51757 | D:9      | Noticed Nel Cag the pandemonium lord
 51764 | D:9      | Noticed Rorubb the pandemonium lord
 51890 | D:$      | Escaped with the Orb!

Illustrated notes

Levels and vault maps discovered:
D:1:      mrwooster_arrival_statue_2, layout_rooms, basic_ecumenical_altar
D:2:      layout_basic, serial_shops, nicolae_shop_tiny_waterfront,
          minmay_misc_feat_tiny
D:3:      layout_loops_ring, chequers_serial_rivers_small_3
D:4:      kennysheep_slugbush, layout_basic, st_stairs_8
D:5:      layout_rooms, okawaru_gym_becter, minivault_25
D:6:      layout_layer_cave, grunt_temple_overflow_open, uniq_maggie
D:7:      layout_cave_pods, nicolae_dithmenos_the_darkroom,
          mainiacjoe_overflow_concentric_impassable, minmay_temple_entry_tees,
          kennysheep_generic_room_12, uniq_maurice, uniq_jeremiah, uniq_pikel
D:8:      layout_loops_ring, nemelex_diamond_rough_becter, minmay_the_grid_2x2
          [minmay_the_grid_tree, minmay_the_grid_aliased_spiral,
          minmay_the_grid_minigrid_small, minmay_the_grid_prize_big_room]
D:9:      layout_cave_pools, eat_drink_and_be_merry_uskayaw,
          gammafunk_ghost_hive, minivault_19, uniq_gastronok, uniq_psyche
D:10:     layout_basic, lair_entry_dummy, orc_0_dummy, uniq_erica
D:11:     layout_irregular_city, portal_ice_cave_entry_pillars_1,
          nzn_hepliaklqana_mist_gate, uniq_grum
D:12:     layout_gridville
D:13:     layout_irregular_city
D:14:     layout_long_grid, hellmonk_vaults_attempted_burglary,
          dreamdust_princess_corridor, serial_shops, shop,
          gauntlet_entry_generic, trog_hazing_becter
D:15:     grunt_enter_depths_magical_seal, layout_rooms
Lair:1:   layout_layer_cave
Lair:2:   lemuel_ratsnest, layout_layer_cave, worms_lemuel
Lair:3:   layout_hall_layers, nicolae_swamp_entry_splash_gauntlet,
          spider_nest_entry_web_field, ebering_ghost_funeral_grove, st_stairs_4
Lair:4:   layout_cave_shapes, slime_entry_2, st_stairs_8, grunt_megastairs_4
Swamp:1:  layout_basic_swamp, evilmike_swamp_ruin_rubble_1, swamp_pool_1_2
Swamp:2:  bobbens_index_wilting_gardens, layout_basic_swamp,
          evilmike_swamp_ruin_house_4, swamp_pool_1_2,
          nicolae_swamp_long_stream, uniq_mlioglotl
Swamp:3:  layout_falls_marsh, serial_swamp_ruin, evilmike_swamp_ruin_rubble_2,
          evilmike_swamp_ruin_house_2, uniq_roxanne
Swamp:4:  swamp_alternative, layout_basic_swamp
Spider:1: layout_spider_delve, hangedman_spider_mandibles
Spider:2: layout_spider_delve
Spider:3: layout_spider_delve
Spider:4: hellmonk_spider_rune_endless_swarm, uniq_mara
Orc:1:    layout_caves
Orc:2:    st_orc_mages, layout_caves, ebering_ghost_reflecting_pool,
          basic_altar, uniq_saint_roka
Elf:1:    layout_geoelf_grid, hellmonk_ghost_happy_afterlife,
          nicolae_elf_crossing_hall, billiards_dpeg, uniq_donald
Elf:2:    nicolae_elf_blades_splatter_lattice [nooodl_blade_entry_preview],
          layout_loops_cross, minmay_misc_feat_ornament,
          serial_library_hellmonk_hallway_a
Elf:3:    elf_hall_gauntlet_narrow, layout_gridlike, ebering_ghost_inner_flame,
          serial_shops, nicolae_shop_bloodbath_and_beyond,
          nicolae_shop_self_help
Vaults:1: v_misc_14, nicolae_vaults_windows_and_doors_thing,
          nicolae_vaults_apartment_1, nicolae_vaults_diagonal_hallway_7,
          v_misc_23, v_misc_11, special_room_vaults [special_room_orc],
          nicolae_vaults_network_quincunx
          [nicolae_vaults_network_quincunx_subvault,
          nicolae_vaults_network_quincunx_subvault,
          nicolae_vaults_network_quincunx_subvault,
          nicolae_vaults_network_quincunx_subvault,
          nicolae_vaults_network_quincunx_subvault],
          nicolae_vaults_yaktaur_gun_rack, hangedman_vaults_maws,
          nicolae_vaults_closet_pinwheel_1, ontoclasm_vaults_ring_small,
          layout_vaults_maze_snakey, serial_shops, bzr_entry_lakeside,
          uniq_nikola
Vaults:2: minmay_crypt_entry_simple_walls, nicolae_vaults_sightless_eye,
          nicolae_vaults_trapezoid_4, nicolae_vaults_network_quinsquares
          [nicolae_vaults_network_quincunx_subvault,
          nicolae_vaults_network_quincunx_subvault,
          nicolae_vaults_network_quincunx_subvault,
          nicolae_vaults_network_quincunx_subvault], vaults_standard_mumra_x,
          nicolae_vaults_closet_pinwheel_3, vaults_dpeg_ring, st_check,
          ontoclasm_vaults_fault, layout_vaults_omnigrid, serial_shops,
          nicolae_shop_rolling_square
Vaults:3: nicolae_vaults_stepped_doors, nicolae_vaults_heart-shaped_vault,
          vaults_dpeg_cross, v_misc_1, lemuel_angel_altar, v_alt_pattern_3,
          hangedman_vaults_maws, nicolae_vaults_spaceships,
          grunt_tower_of_power, v_rooms_2, nicolae_vaults_asterisk,
          vaults_dpeg_hooks, nicolae_vaults_little_squares_2,
          layout_vaults_omnicross
Vaults:4: mu_enter_wizlab_4, vaults_mumra_hexcomb,
          nicolae_vaults_closet_pinwheel_4, nicolae_vaults_six-pack,
          ontoclasm_vaults_ring_small, hangedman_vaults_stagger,
          hangedman_vaults_corner_blocks, layout_vaults_chaotic_city
Vaults:5: uniq_margery
Depths:1: minmay_bad_star, layout_twisted_cross, enter_ziggurat_f,
          nicolae_abyss_entry_one_way_or_another, hell_entry, serial_shops,
          shop_statue, eino_curves_04, nrook_uturn,
          serial_library_hellmonk_u_bend, hangedman_stitches_earthworm,
          uniq_bai_suzhen
Depths:2: grunt_bent_corner, layout_gridlike, rand_demon_pan_entry_3,
          serial_shops, shop, hellmouth_1, infiniplex_staircase_split_hallway
Depths:3: minmay_five_octagons, layout_basic, hangedman_abyss_entry_splay,
          minmay_misc_feat_pillars, hell_entry, grunt_decor_one_mirror,
          minmay_misc_feat_room, fedhas_altar_3,
          minmay_staircase_windowed_small, uniq_frederick
Depths:4: grunt_zot_entry_hairpin, layout_gridlike, pf_hell_entry_great_geh,
          kennysheep_random_hallway, minmay_shop_star
Zot:1:    layout_misc_corridors
Zot:2:    layout_onion_interference
Zot:3:    layout_basic, bh_zot_levy_curve, uniq_josephina
Zot:4:    layout_onion, hangedman_zot_diagonal_lockstep
Zot:5:    layout_gridlike

Skill      XL: |  1  2  3  4  5  6  7  8  9 10 11 12 13 14 15 16 17 18 19 20 21 22 23 24 25 26 27 |
---------------+----------------------------------------------------------------------------------+-----
Stealth        | 2 4 6 8 10 | 10.0
Ranged Weapons | 5 6 7 8 10 12 14 15 17 19 20 21 | 21.0
Conjurations   | 2 3 5 11 14 15 16 | 16.0
Air Magic      | 2 3 5 |  5.0
Alchemy        | 1 2 3 7 9 |  9.0
Fighting       | 4 5 6 7 8 11 12 13 14 15 18 19 20 21 | 21.0
Dodging        | 4 7 8 10 11 13 14 15 16 21 22 23 24 | 24.0
Armour         | 2 4 7 11 12 13 14 15 16 17 18 20 | 20.0
Invocations    | 1 4 5 6 8 10 | 10.0
Evocations     | 3 4 7 10 11 13 14 | 14.0
Translocations | 2 5 8 |  8.4
Spellcasting   | 2 4 6 |  6.0
Necromancy     | 5 11 12 15 | 15.0
Earth Magic    | 3 6 7 |  7.0

Action                     |  1- 3 |  4- 6 |  7- 9 | 10-12 | 13-15 | 16-18 | 19-21 | 22-24 | 25-27 || total
---------------------------+-------+-------+-------+-------+-------+-------+-------+-------+-------++-------
  Melee: Unarmed           |       |     3 |       |       |       |       |       |       |       ||     3
         Rapier            |       |       |     3 |     3 |       |       |       |       |       ||     6
         Peck              |       |       |     2 |     1 |       |       |       |       |       ||     3
         Kick              |       |       |       |     2 |       |       |     1 |       |       ||     3
         Longbow           |       |       |       |       |       |       |     1 |       |       ||     1
   Fire: Shortbow          |    94 |    82 |   205 |       |       |       |       |       |       ||   381
         Orcbow            |       |       |    79 |   262 |       |       |       |       |       ||   341
         Longbow           |       |       |       |   356 |  1300 |  1613 |  1156 |  1832 |  1579 ||  7836
         Heavy crossbow    |       |       |       |       |       |       |       |    52 |   225 ||   277
  Throw: Dart              |       |     3 |    11 |     6 |     1 |       |       |     1 |       ||    22
         Throwing net      |       |       |       |       |       |       |       |     1 |       ||     1
   Cast: Irradiate         |       |       |       |       |       |       |       |     1 |     7 ||     8
         Blink             |       |       |       |       |       |       |       |     1 |     1 ||     2
         Borgnjor's Vile C |       |       |       |       |       |       |       |       |     2 ||     2
 Invoke: Heroism           |       |       |       |     2 |     1 |       |     1 |     1 |     1 ||     6
         Receive Weapon    |       |       |       |     1 |       |       |       |       |       ||     1
         Receive Armour    |       |       |       |     1 |       |       |       |       |       ||     1
         Finesse           |       |       |       |       |     1 |     1 |       |     5 |     2 ||     9
         Duel              |       |       |       |       |       |     1 |       |       |     1 ||     2
  Evoke: Wand              |       |       |     1 |     1 |       |     4 |     1 |     6 |     3 ||    16
         Phial of floods   |       |       |       |       |     1 |       |     1 |       |     1 ||     3
         Condenser vane    |       |       |       |       |       |     2 |     2 |     5 |     4 ||    13
         Lightning rod     |       |       |       |       |       |       |     4 |       |     2 ||     6
    Use: Scroll            |       |     8 |     1 |     3 |    12 |    13 |     4 |     1 |     5 ||    47
         Potion            |       |     4 |       |       |     1 |     8 |     2 |     1 |     5 ||    21
   Stab: Paralysed         |       |       |     3 |     3 |       |       |       |       |       ||     6
 Armour: Leather armour    |    10 |    14 |    17 |       |       |       |       |       |       ||    41
         Skin              |       |     9 |       |       |       |       |       |       |    38 ||    47
         Acid dragon scale |       |       |    24 |    34 |       |       |       |       |       ||    58
         Ring mail         |       |       |       |    25 |   127 |   270 |    74 |   155 |   241 ||   892
  Dodge: Dodged            |    16 |    22 |    88 |   238 |   274 |   880 |   424 |   676 |  1048 ||  3666

Table legend: (Time is in decaauts)
 A = Elapsed time spent in this place.
 B = Non-inter-level travel time spent in this place.
 C = Inter-level travel time spent in this place.
 D = Time resting spent in this place.
 E = Time spent auto-exploring this place.
 F = Levels seen in this place.
 G = Mean time per level.
                   A        B        C        D        E       F      G
               +--------+--------+--------+--------+--------+-----+--------+
         Total |  48861 |  43992 |   4869 |   7152 |  26510 |  58 |  842.4 |
       Dungeon |  13156 |  11360 |   1796 |    810 |   7953 |  15 |  877.1 |
          Lair |   3527 |   3017 |    510 |     82 |   2519 |   4 |  881.8 |
         Swamp |   2890 |   2597 |    293 |    257 |   1608 |   4 |  722.5 |
   Spider Nest |   3684 |   3462 |    222 |   1161 |   1432 |   4 |  921.0 |
  Orcish Mines |   1897 |   1715 |    182 |    356 |    925 |   2 |  948.5 |
   Elven Halls |   3118 |   2928 |    190 |    337 |   2056 |   3 | 1039.3 |
        Vaults |   6559 |   6288 |    271 |    406 |   4377 |   5 | 1311.8 |
        Depths |   5757 |   4910 |    847 |    679 |   3021 |   4 | 1439.2 |
           Zot |   6960 |   6404 |    556 |   2933 |   2151 |   5 | 1392.0 |
      Ziggurat |    285 |    285 |      0 |     55 |     27 |   6 |   47.5 |
        Bazaar |    221 |    221 |      0 |      0 |    155 |   1 |  221.0 |
      Ice Cave |     38 |     38 |      0 |      0 |      0 |   1 |   38.0 |
        Wizlab |    378 |    378 |      0 |     48 |    105 |   1 |  378.0 |
      Gauntlet |    339 |    339 |      0 |      6 |    181 |   1 |  339.0 |
         Arena |     45 |     45 |      0 |     18 |      0 |   2 |   22.5 |
               +--------+--------+--------+--------+--------+-----+--------+

Top non-repeatable levels by time:
   Zot:5: 3067 daAuts
Depths:4: 2013 daAuts
Spider:4: 1854 daAuts
Vaults:2: 1740 daAuts
Depths:2: 1638 daAuts
     D:7: 1513 daAuts
   Elf:3: 1467 daAuts
Vaults:5: 1356 daAuts
    D:10: 1311 daAuts
   Orc:2: 1309 daAuts
   Zot:3: 1267 daAuts
Vaults:3: 1246 daAuts
  Lair:2: 1214 daAuts
  Lair:3: 1200 daAuts
Depths:1: 1185 daAuts
